 Dungeon Crawl Stone Soup version 0.16.1-4-g8e1b745 (webtiles) character file.

1597 Leibowitz the Ducker (level 8, -8/67 HPs)
             Began as a Demigod Gladiator on Mar 27, 2015.
             Mangled by an orc warrior
             ... wielding a +0 short sword
              (17 damage)
             ... on level 6 of the Dungeon.
             The game lasted 00:30:34 (8011 turns).

Leibowitz the Ducker (Demigod Gladiator)            Turns: 8011, Time: 00:30:36

Health: -8/67      AC:  7    Str: 20    XL:     8   Next: 35%
Magic:  13/13      EV: 16    Int: 12    God:
Gold:   320        SH:  0    Dex: 18    Spells: 0 memorised, 7 levels left

rFire  . . .     SeeInvis .     a - +0 trident
rCold  . . .     Clarity  .     o - +0 leather armour
rNeg   + . .     SustAb   +     (no shield)
rPois  .         Gourm    .     c - +0 helmet
rElec  .         Spirit   .     q - +0 cloak
rCorr  .         Warding  .     (no gloves)
rMut   .         Stasis   .     m - +1 pair of boots
MR     .....                    z - amulet of rage
Stlth  ++........               t - +3 ring of slaying
                                l - ring of positive energy (curse)

@: not resistant to hostile enchantments, unstealthy
A: sustain abilities
a: Evoke Berserk Rage


You were on level 6 of the Dungeon.
You were not hungry.

You visited 1 branch of the dungeon, and saw 6 of its levels.
You also visited: Sewer.

You collected 320 gold pieces.

Inventory:

Hand weapons
 a - a +0 trident (weapon)
 b - a +0 blowgun
Missiles
 d - 3 throwing nets (quivered)
 p - 31 poisoned needles
 x - 4 javelins
Armour
 c - a +0 helmet (worn)
 m - a +1 pair of boots (worn)
 o - a +0 leather armour (worn)
 q - a +0 cloak (worn)
Jewellery
 l - a cursed ring of positive energy (left hand)
 t - a +3 ring of slaying (right hand)
 y - an uncursed ring of fire
 z - an amulet of rage (around neck)
Magical devices
 g - a wand of flame (10)
Scrolls
 e - a scroll of teleportation
 h - 5 scrolls of identify
 i - 4 scrolls of remove curse
 j - 2 scrolls of fear
 k - 2 scrolls of blinking
Potions
 n - a potion of haste
 u - a potion of agility
 v - a potion of heal wounds
 w - a potion of might
Comestibles
 f - 3 bread rations
 r - 3 fruits
 s - 4 meat rations


   Skills:
 + Level 4.7 Fighting
 + Level 5.6 Polearms
 + Level 3.1 Throwing
 + Level 3.3 Armour
 + Level 5.8 Dodging
 + Level 2.8 Stealth


You had 7 spell levels left.
You didn't know any spells.

Dungeon Overview and Level Annotations

Branches:
Dungeon (6/15)             Temple (0/1) D:6


Innate Abilities, Weirdness & Mutations

Your attributes are resistant to harm.


Message History

The orc warrior hits you with a short sword.
The orc priest glows brightly for a moment.
You barely miss the orc priest.
The orc priest is heavily wounded.
The orc warrior closely misses you.
The orc priest calls down the wrath of Beogh upon you.
Pain shoots through your body! The orc priest closely misses you.
You hit the orc priest.
The orc priest is severely wounded.
The orc warrior hits you with a short sword!
* * * LOW HITPOINT WARNING * * *
The orc priest closely misses you. The orc priest barely misses you.
You hit the orc priest but do no damage.
The orc priest is severely wounded.
The orc warrior hits you with a short sword.
* * * LOW HITPOINT WARNING * * *
The orc priest misses you. The orc priest hits you.
* * * LOW HITPOINT WARNING * * *
The orc warrior hits you with a short sword!
You die...

...#### .g...# ...######
..#..# ........## ....#
........# .#...# ........#
....# ...##...##
#..######## ...(+....#
#....#....##
##(##....####.(..o.(o....
............(>..@#.##.##
##.#.####.##..#ooW(#
#...##...##..#.####
#...##............#
##......#.#..#..##.#
...#..###.#.....##.#
...#......<...#....#
...#..###..##.######
...#.......##(...########.


You could see a phantom, an orc warrior, 2 orc priests and an orc wizard
(wandering).

Vanquished Creatures
  Menkaure (D:5)
  A black bear (D:6)
  A sky beast (D:6)
  2 orc warriors
  An ogre (D:4)
  2 centaurs
  A giant frog (D:6)
  A scorpion (D:4)
  5 wights (D:6)
  2 iguanas
  Crazy Yiuf (D:5)
  A hound (D:5)
  An orc priest (D:4)
  3 orc wizards
  Natasha (thrice) (D:4)
  2 worker ants
  2 gnolls (D:3)
  10 adders
  2 worms (D:2)
  An adder zombie (D:6)
  4 giant geckos
  20 orcs
  7 bats
  A bat skeleton (D:5)
  9 giant cockroaches
  14 goblins
  18 hobgoblins
  11 jackals
  21 kobolds
  2 quokkas (D:6)
  5 ball pythons
  A ball python skeleton (D:4)
  6 giant newts
  2 jackal skeletons
  13 rats
  5 plants (Sewer)
182 creatures vanquished.

Notes
Turn   | Place    | Note
--------------------------------------------------------------
     0 | D:1      | Leibowitz, the Demigod Gladiator, began the quest for the Orb.
     0 | D:1      | Reached XP level 1. HP: 17/17 MP: 2/2
   672 | D:1      | Reached XP level 2. HP: 24/24 MP: 3/3
   846 | D:1      | Reached skill level 3 in Dodging
  1207 | D:2      | Reached skill level 1 in Armour
  1237 | D:2      | Reached XP level 3. HP: 29/29 MP: 5/5
  2230 | D:3      | Reached XP level 4. HP: 36/36 MP: 7/7
  2749 | D:3      | Found a glowing drain.
  2775 | Sewer    | Entered a sewer
  2850 | Sewer    | Reached XP level 5. HP: 42/42 MP: 8/8
  2880 | Sewer    | Reached skill level 4 in Dodging
  3963 | D:3      | Found a shimmering altar of Xom.
  5024 | D:4      | Reached XP level 6. HP: 50/50 MP: 10/10
  5141 | D:4      | Noticed an ogre
  5155 | D:4      | Killed an ogre
  5155 | D:4      | Reached skill level 1 in Stealth
  5371 | D:4      | Found a shattered altar of Ashenzari.
  5381 | D:4      | Noticed Natasha
  5397 | D:4      | Killed Natasha
  5448 | D:4      | Noticed Natasha
  5452 | D:4      | Killed Natasha
  5684 | D:4      | Noticed Natasha
  5688 | D:4      | Killed Natasha
  5736 | D:5      | Entered Level 5 of the Dungeon
  5860 | D:5      | Found a white marble altar of Elyvilon.
  6177 | D:5      | Noticed Menkaure
  6183 | D:5      | Killed Menkaure
  6183 | D:5      | Reached skill level 5 in Dodging
  6183 | D:5      | Reached XP level 7. HP: 12/57 MP: 12/12
  6643 | D:5      | Noticed Crazy Yiuf
  6666 | D:5      | Killed Crazy Yiuf
  6742 | D:5      | HP: 1/58 [orc warrior/dire flail (23)]
  7137 | D:6      | Reached skill level 5 in Polearms
  7298 | D:6      | Found a burning altar of Makhleb.
  7351 | D:6      | Reached XP level 8. HP: 53/66 MP: 13/13
  7527 | D:6      | Found a staircase to the Ecumenical Temple.
  8011 | D:6      | Mangled by an orc warrior

Action                   |  1- 3 |  4- 6 |  7- 9 || total
-------------------------+-------+-------+-------++-------
Melee: Trident           |   183 |   497 |   104 ||   784
 Fire: Blowgun           |       |       |    28 ||    28
Throw: Throwing net      |     4 |     6 |       ||    10
  Use: Scroll            |       |     9 |       ||     9
       Potion            |       |     6 |       ||     6
 Stab: Sleeping          |       |     1 |     3 ||     4
       Held in net/web   |       |     1 |       ||     1
  Eat: Chunk             |     4 |    14 |     6 ||    24
